 Dungeon Crawl Stone Soup version 0.27.1-34-g3ba077fa99 (console) character file.

Game seed: 14859010000644366425

89 Banquo the Shield-Bearer (level 4, 0/35 HPs)
             Began as a Formicid Fighter on Feb 4, 2022.
             Was a Follower of Wu Jian.
             Slain by a gnoll (4 damage)
             ... on level 2 of the Dungeon.
             The game lasted 00:04:51 (1710 turns).

Banquo the Shield-Bearer (Formicid Fighter)         Turns: 1710, Time: 00:04:52

Health: 0/35       AC:  7    Str: 22    XL:     4   Next: 84%
Magic:  4/4        EV:  4    Int:  7    God:    Wu Jian [*.....]
Gold:   35         SH:  0    Dex: 16    Spells: 3/3 levels left

rFire    . . .     SeeInvis +   a - +0 war axe
rCold    . . .     Faith    .   c - +0 kite shield
rNeg     . . .     Spirit   .   e - +0 scale mail
rPois    .         Reflect  .   (helmet unavailable)
rElec    .         Harm     .   (no cloak)
rCorr    .         Rampage  .   (no gloves)
Will     .....                  (no boots)
Stlth    ..........             (no amulet)
HPRegen  0.11/turn              l - +6 ring of dexterity
MPRegen  0.09/turn              (no ring)

@: held
A: permanent stasis, dig shafts and tunnels, antennae 3, four strong arms
a: Dig, Shaft Self, Renounce Religion


You were on level 2 of the Dungeon.
You worshipped Wu Jian.
Wu Jian was aware of your devotion.
You visited 1 branch of the dungeon, and saw 2 of its levels.

You collected 35 gold pieces.

Inventory:

Hand Weapons
 a - a +0 war axe (weapon)
 b - a +1 spectral quarterstaff
Missiles
 f - 64 stones
 k - 32 bolts
Armour
 c - a +0 kite shield (worn)
 e - a +0 scale mail (worn)
Jewellery
 l - a +6 ring of dexterity (left hand)
Scrolls
 g - a scroll of noise {unknown}
 i - a scroll of immolation {unknown}
Potions
 d - a potion of might
 h - 3 potions of curing {unknown}
 j - 2 potions of brilliance {unknown}


   Skills:
 + Level 3.5 Fighting
 * Level 3.5 Axes
 + Level 3.8 Armour
 + Level 0.5 Dodging
 + Level 4.1 Shields


You had 3 spell levels left.
You didn't know any spells.
Your spell library contained the following spells:

 Spells                   Type           Power      Damage    Failure   Level
 Foxfire                  Conj/Fire      0%         2x1d4     98%         1
 Sublimation of Blood     Necr           0%         N/A       99%         2
 Wereblood                Tmut           0%         N/A       99%         2
 Conjure Flame            Conj/Fire      0%         6-21      100%        3
 Inner Flame              Hex/Fire       0%         N/A       100%        3
 Summon Hydra             Summ           0%         N/A       100%        7


Dungeon Overview and Level Annotations

Branches:
Dungeon (2/15)

Altars:
Qazlal
Wu Jian


Innate Abilities, Weirdness & Mutations

You cannot be hasted, slowed, berserked, paralysed or teleported.
You can dig through walls and to a lower floor.
You have a pair of large antennae on your head. (SInv)
Your four strong arms can wield two-handed weapons with a shield.


Message History

You sense a monster nearby.
A worm comes into view.
Found a book of Flames.
You lunge at the worm.
You slash the worm!
The worm is almost dead.
You hit the worm.
You kill the worm!
The Council accepts your kill.
No target in view!
You pick up a book of Flames and begin reading...
You add the spells Foxfire, Conjure Flame and Inner Flame to your library.
The gnoll shouts! x2; You hear a shout!
You lunge at the gnoll.
You closely miss the gnoll. You hit the gnoll but do no damage.
The gnoll hits you with a +0 club. You block the gnoll's attack.
You barely miss the gnoll. You block the gnoll's attack.
The gnoll hits you from afar with a +0 halberd.
The gnoll hits you with a +0 club.
The gnoll shouts!
You hit the gnoll.
The gnoll is moderately wounded.
The gnoll hits you from afar with a +0 halberd!
You block the gnoll's attack.
The gnoll hits you from afar with a +0 halberd!
* * * LOW HITPOINT WARNING * * *
You spin and attack the gnoll.
You hit the gnoll.
The gnoll is moderately wounded.
You block the gnoll's attack.
The gnoll throws a throwing net.
The throwing net hits you.
You become entangled in the net!
You see here a throwing net.
You struggle against the net.
You tear a large gash into the net.
The gnoll hits you but does no damage.
The gnoll hits you from afar with a +0 halberd.
* * * LOW HITPOINT WARNING * * *
You struggle against the net.
The gnoll hits you with a +0 club.
* * * LOW HITPOINT WARNING * * *
The gnoll barely misses you.
The gnoll hits you from afar with a +0 halberd.
You die...

....# ......##.....#
....# .......'.....#
....# .......#.....#
....###### ###...#.....#
.........# #.#.......#
.........# #.#.......#
####.....# #..gg.#####
#.....# ###gg....#
#.....#######@#.##.#
#.............#..#.#
#.....######.^#..#.#
#.....# #..#....#
####.## #.......#
##'#######.####..#
#.......##.......#
#.......######...#######
#.......##.....#.......#


You could see 4 gnolls.

Vanquished Creatures
  4 adders (D:2)
  3 worms (D:2)
  A dart slug (D:1)
  4 bats
  3 endoplasms (D:1)
  5 goblins
  4 hobgoblins (D:1)
  7 jackals
  A quokka (D:1)
  3 ball pythons
  7 kobolds
  A rat (D:2)
43 creatures vanquished.

Vanquished Creatures (others)
  14 plants (D:2)
14 creatures vanquished.

Grand Total: 57 creatures vanquished

Notes
Turn   | Place    | Note
-------+----------+-------------------------------------------
     0 | D:1      | Banquo the Formicid Fighter began the quest for the Orb.
     0 | D:1      | Reached XP level 1. HP: 18/18 MP: 1/1
   149 | D:1      | Reached XP level 2. HP: 23/24 MP: 2/2
   448 | D:1      | Found a faded altar of an unknown god.
   454 | D:1      | Became a worshipper of the Wu Jian Council
   454 | D:1      | Reached * piety under Wu Jian
   551 | D:1      | Reached XP level 3. HP: 29/29 MP: 3/3
   554 | D:1      | Reached skill level 4 in Shields
  1178 | D:2      | Reached XP level 4. HP: 27/35 MP: 4/4
  1453 | D:2      | Found a stormy altar of Qazlal.
  1710 | D:2      | Slain by a gnoll

Illustrated notes

Levels and vault maps discovered:
D:1:      lightli_iron_boxes, layout_loops_ring,
          dreamdust_ecumenical_altar_angels_and_demons
D:2:      layout_basic, basic_altar, serial_bayou_lagoon_a

Skill      XL: |  1  2  3 |
---------------+----------+-----
Shields        | 4 |  4.1
Axes           | 3 |  3.5
Fighting       | |  3.5
Armour         | |  3.8
Dodging        | |  0.5

Action                   |  1- 3 |  4- 6 || total
-------------------------+-------+-------++-------
Melee: War axe           |    80 |    30 ||   110
Invok: Lunge             |     1 |     4 ||     5
       Whirlwind         |       |     3 ||     3
 Abil: Dig               |     2 |     3 ||     5
Armor: Scale mail        |    43 |     7 ||    50
Dodge: Dodged            |    29 |     4 ||    33
Block: Kite shield       |    73 |    12 ||    85
